cohdb
Replays
Latest Replays
All Replays
Popular Replays
Top Player Replays
Match Explorer
How It Works
Community
CoH3 Stats
Reddit
Sign in to upload your games and track your stats! →
Sign in with Steam
Match 42635597
Unlisted
Match 42635597
Overview
Messages
Build Orders
End
Construct Barracks
Riflemen Squad
M1 Mortar Team
Grenade Package
Riflemen Squad
Selects Advanced Infantry Battlegroup
Selects Convert to Ranger Squad
Convert to Ranger Squad
Infantry Support Center
Riflemen Squad
Selects Frontline Medical Station
抖音_稳得住0.0
Exf
Gravey
sgtViveron
tethuya
Filthy_Westerner
田七
Old Foxy
0
0
Comments
sign in to comment!
No comments posted yet!